| TOP OF THE 1ST |
|
Richmond Braves batting - Pitching for Columbus Clippers : RHP Gene Nelson
|
|
Pitching: RHP Gene Nelson
|
|
|
Batting: RHB Dave Stegman
|
0-0: Ball 1-0: Swinging Strike 1-1: Foul Ball, location: 2F 1-2: Ball 2-2: Ball 3-2: Fly out, F2 (Popup, 2LF, EV 86.3 MPH)
|
|
Batting: RHB Mike Fuentes
|
0-0: Called Strike 0-1: Foul Ball, location: 2F 0-2: Ball 1-2: Ball 2-2: Foul Ball, location: 2F 2-2: SINGLE (Line Drive, 9LS, EV 86.3 MPH)
|
|
Batting: SHB Howard Johnson
|
0-0: Ball 1-0: Foul Ball, location: 2F 1-1: Ball 2-1: Fielders Choice at 2nd, 6-4 (Groundball, 6, EV 80.0 MPH)
|
|
Batting: LHB Chris Evans
|
0-0: Ball 1-0: Called Strike 1-1: Fly out, F9 (Line Drive, 9D, EV 103.1 MPH)
|
| Top of the 1st over - 0 runs, 1 hit, 0 errors, 1 left on base; Richmond 0 - Columbus 0 |
| BOTTOM OF THE 1ST |
|
Columbus Clippers batting - Pitching for Richmond Braves : RHP Jay Smith
|
|
Pitching: RHP Jay Smith
|
|
|
Batting: LHB Elijah Bonaparte
|
0-0: Called Strike 0-1: Foul Ball, location: 2F 0-2: Ball 1-2: SINGLE (Line Drive, 4D, EV 100.6 MPH)
|
|
Batting: RHB Donell Nixon
|
0-0: Ball 1-0: Called Strike 1-1: Ball 2-1: Fly out, F9 (Flyball, 9S, EV 96.9 MPH)
|
|
Batting: RHB Rod Allen
|
0-0: Called Strike Elijah Bonaparte steals 2nd base 0-1: Foul Ball, location: 2F 0-2: Ball 1-2: Fly out, F8 (Flyball, 89XD, EV 105.0 MPH) Runner from 2nd tags up, SAFE at 3rd, no throw by CF
|
|
Batting: LHB Jordan Medrano
|
0-0: Called Strike 0-1: Fly out, F9 (Line Drive, 9, EV 93.1 MPH)
|
| Bottom of the 1st over - 0 runs, 1 hit, 0 errors, 1 left on base; Richmond 0 - Columbus 0 |
| TOP OF THE 2ND |
|
Richmond Braves batting - Pitching for Columbus Clippers : RHP Gene Nelson
|
|
Batting: RHB John Freitas
|
0-0: Called Strike 0-1: Ball 1-1: Foul Ball, location: 2F 1-2: Ball 2-2: Strikes out swinging
|
|
Batting: LHB Max Venable
|
0-0: Ball 1-0: Called Strike 1-1: Foul Ball, location: 2F 1-2: Ground out U3 (Groundball, 3, EV 98.1 MPH)
|
|
Batting: SHB Donnie Scott
|
0-0: Ball 1-0: Called Strike 1-1: Foul Ball, location: 2F 1-2: Ball 2-2: Strikes out swinging
|
| Top of the 2nd over - 0 runs, 0 hits, 0 errors, 0 left on base; Richmond 0 - Columbus 0 |
| BOTTOM OF THE 2ND |
|
Columbus Clippers batting - Pitching for Richmond Braves : RHP Jay Smith
|
|
Batting: RHB Tracy Anderson
|
0-0: Ball 1-0: Ground out 4-3 (Groundball, 4, EV 80.0 MPH)
|
|
Batting: LHB Gene Gentile
|
0-0: Ball 1-0: Fly out, F8 (Flyball, 8LD, EV 95.0 MPH)
|
|
Batting: RHB Larry Bowie
|
0-0: Ball 1-0: Foul Ball, location: 2F 1-1: Swinging Strike 1-2: Strikes out swinging
|
| Bottom of the 2nd over - 0 runs, 0 hits, 0 errors, 0 left on base; Richmond 0 - Columbus 0 |
| TOP OF THE 3RD |
|
Richmond Braves batting - Pitching for Columbus Clippers : RHP Gene Nelson
|
|
Batting: SHB Julio Cruz
|
0-0: Ball 1-0: Foul Ball, location: 2F 1-1: Ground out 6-3 (Groundball, 6, EV 105.0 MPH)
|
|
Batting: RHB Mark Naehring
|
0-0: Ball 1-0: Called Strike 1-1: Ball 2-1: Ball 3-1: SINGLE (Groundball, 4MD, EV 99.4 MPH)
|
|
Batting: RHB Dave Stegman
|
0-0: Ball 1-0: Called Strike 1-1: Called Strike 1-2: Foul Ball, location: 2F 1-2: Foul Ball, location: 2F 1-2: Foul Ball, location: 2F 1-2: Ball 2-2: Ball 3-2: Foul Ball, location: 2F 3-2: Foul Ball, location: 2F 3-2: Grounds into double play, 5-4-3 (Groundball, 56S, EV 90.6 MPH)
|
| Top of the 3rd over - 0 runs, 1 hit, 0 errors, 0 left on base; Richmond 0 - Columbus 0 |
| BOTTOM OF THE 3RD |
|
Columbus Clippers batting - Pitching for Richmond Braves : RHP Jay Smith
|
|
Batting: RHB Luis Aguayo
|
0-0: Fly out, F9 (Flyball, 9LS, EV 75.6 MPH)
|
|
Batting: RHB Alex Rodriguez
|
0-0: Called Strike 0-1: Ground out 4-3 (Groundball, 4S, EV 83.8 MPH)
|
|
Batting: LHB Elijah Bonaparte
|
0-0: Foul Ball, location: 2F 0-1: Ground out 4-3 (Groundball, 4M, EV 80.6 MPH)
|
| Bottom of the 3rd over - 0 runs, 0 hits, 0 errors, 0 left on base; Richmond 0 - Columbus 0 |
| TOP OF THE 4TH |
|
Richmond Braves batting - Pitching for Columbus Clippers : RHP Gene Nelson
|
|
Batting: RHB Mike Fuentes
|
0-0: Foul Ball, location: 2F 0-1: Ball 1-1: Ball 2-1: Ball 3-1: Base on Balls
|
|
Batting: SHB Howard Johnson
|
0-0: Called Strike 0-1: Foul Ball, location: 2F 0-2: Strikes out swinging
|
|
Batting: LHB Chris Evans
|
0-0: Called Strike 0-1: Ball 1-1: Ball 2-1: Ball 3-1: Fly out, F7 (Line Drive, 7, EV 92.5 MPH)
|
|
Batting: RHB John Freitas
|
0-0: Ball 1-0: Ball 2-0: Ball 3-0: Called Strike 3-1: Swinging Strike 3-2: SINGLE (Groundball, 56D, EV 95.6 MPH) Mike Fuentes to second Mike Fuentes to third
|
|
Batting: LHB Max Venable
|
0-0: Foul Ball, location: 2F 0-1: Ball 1-1: Fly out, F8 (Line Drive, 8LD, EV 91.9 MPH)
|
| Top of the 4th over - 0 runs, 1 hit, 0 errors, 2 left on base; Richmond 0 - Columbus 0 |
| BOTTOM OF THE 4TH |
|
Columbus Clippers batting - Pitching for Richmond Braves : RHP Jay Smith
|
|
Batting: RHB Donell Nixon
|
0-0: Ball 1-0: Swinging Strike 1-1: Fly out, F8 (Flyball, 8LXD, EV 101.3 MPH)
|
|
Batting: RHB Rod Allen
|
0-0: DOUBLE (Flyball, 8LXD, EV 111.3 MPH)
|
|
Batting: LHB Jordan Medrano
|
0-0: Foul Ball, location: 2F 0-1: Ball 1-1: Ball 2-1: Ground out 4-3 (Groundball, 4, EV 86.9 MPH) Rod Allen to third
|
|
Batting: RHB Tracy Anderson
|
0-0: Ball 1-0: Called Strike 1-1: Called Strike 1-2: Ball 2-2: Ball 3-2: Strikes out swinging
|
| Bottom of the 4th over - 0 runs, 1 hit, 0 errors, 1 left on base; Richmond 0 - Columbus 0 |
| TOP OF THE 5TH |
|
Richmond Braves batting - Pitching for Columbus Clippers : RHP Gene Nelson
|
|
Batting: SHB Donnie Scott
|
0-0: Ball 1-0: Foul Ball, location: 2F 1-1: Called Strike 1-2: DOUBLE (Line Drive, 78M, EV 89.4 MPH)
|
|
Batting: SHB Julio Cruz
|
0-0: Ball 1-0: Ball 2-0: Ball 3-0: Fly out, F9 (Flyball, 9S, EV 74.4 MPH)
|
|
Batting: RHB Mark Naehring
|
0-0: Called Strike 0-1: Swinging Strike 0-2: Strikes out swinging
|
|
Batting: RHB Dave Stegman
|
0-0: Ball 1-0: Ball 2-0: Ball 3-0: Base on Balls
|
|
Batting: RHB Mike Fuentes
|
0-0: Ball 1-0: Called Strike 1-1: Ball 2-1: Ball 3-1: Foul Ball, location: 2F 3-2: DOUBLE (Line Drive, 9LD, EV 102.5 MPH) Donnie Scott scores Dave Stegman to third Dave Stegman scores
|
|
Batting: SHB Howard Johnson
|
0-0: Ball 1-0: Foul Ball, location: 2F 1-1: Ground out 6-3 (Groundball, 6, EV 81.3 MPH)
|
| Top of the 5th over - 2 runs, 2 hits, 0 errors, 1 left on base; Richmond 2 - Columbus 0 |
| BOTTOM OF THE 5TH |
|
Columbus Clippers batting - Pitching for Richmond Braves : RHP Jay Smith
|
|
Batting: LHB Gene Gentile
|
0-0: Swinging Strike 0-1: Ball 1-1: Ball 2-1: Foul Ball, location: 2F 2-2: Ball 3-2: Foul Ball, location: 2F 3-2: Ground out 3-1 (Groundball, 34, EV 107.5 MPH)
|
|
Batting: RHB Larry Bowie
|
0-0: Called Strike 0-1: Ball 1-1: Ball 2-1: Called Strike 2-2: Foul Ball, location: 2F 2-2: Strikes out looking
|
|
Batting: RHB Luis Aguayo
|
0-0: Ball 1-0: Foul Ball, location: 2F 1-1: Ball 2-1: Foul Ball, location: 2F 2-2: Fly out, F8 (Flyball, 8RXD, EV 95.0 MPH)
|
| Bottom of the 5th over - 0 runs, 0 hits, 0 errors, 0 left on base; Richmond 2 - Columbus 0 |
| TOP OF THE 6TH |
|
Richmond Braves batting - Pitching for Columbus Clippers : RHP Gene Nelson
|
|
Batting: LHB Chris Evans
|
0-0: Foul Ball, location: 2F 0-1: Called Strike 0-2: Fly out, F8 (Flyball, 78M, EV 89.4 MPH)
|
|
Batting: RHB John Freitas
|
0-0: Ball 1-0: Foul Ball, location: 2F 1-1: Ball 2-1: SOLO HOME RUN (Flyball, 7LD, EV 90.6 MPH), Distance : 344 ft
|
|
Batting: LHB Max Venable
|
0-0: Ball 1-0: Ball 2-0: SINGLE (Line Drive, 4M, EV 100.0 MPH)
|
|
Batting: SHB Donnie Scott
|
0-0: Ball Max Venable steals 2nd base (no throw) 1-0: Called Strike 1-1: Ball 2-1: Ball 3-1: Called Strike 3-2: Fly out, F7 (Flyball, 7, EV 96.9 MPH) Runner from 2nd tags up, SAFE at 3rd with throw by LF
|
|
Pitching: RHP Silvio Martinez
|
|
|
Batting: SHB Julio Cruz
|
0-0: Foul Ball, location: 2F 0-1: Ball 1-1: Fly out, F5 (Popup, 5F, EV 76.3 MPH)
|
| Top of the 6th over - 1 run, 2 hits, 0 errors, 1 left on base; Richmond 3 - Columbus 0 |
| BOTTOM OF THE 6TH |
|
Columbus Clippers batting - Pitching for Richmond Braves : RHP Jay Smith
|
|
Batting: RHB Alex Rodriguez
|
0-0: Called Strike 0-1: Ground out U3 (Groundball, 3S, EV 89.4 MPH)
|
|
Batting: LHB Elijah Bonaparte
|
0-0: Ball 1-0: Ball 2-0: Fly out, F7 (Flyball, 7, EV 84.4 MPH)
|
|
Batting: RHB Donell Nixon
|
0-0: Ball 1-0: Foul Ball, location: 2F 1-1: Swinging Strike 1-2: Strikes out swinging
|
| Bottom of the 6th over - 0 runs, 0 hits, 0 errors, 0 left on base; Richmond 3 - Columbus 0 |
| TOP OF THE 7TH |
|
Richmond Braves batting - Pitching for Columbus Clippers : RHP Silvio Martinez
|
|
Batting: RHB Mark Naehring
|
0-0: Foul Ball, location: 2F 0-1: Ball 1-1: Fly out, F9 (Flyball, 89D, EV 91.9 MPH)
|
|
Batting: RHB Dave Stegman
|
0-0: Called Strike 0-1: Foul Ball, location: 2F 0-2: Reached on error, E9 (Flyball, 9D, EV 95.6 MPH)
|
|
Batting: RHB Mike Fuentes
|
0-0: Called Strike 0-1: Ball 1-1: Ball 2-1: Foul Ball, location: 2F 2-2: Fly out, F7 (Flyball, 7, EV 88.1 MPH)
|
|
Batting: SHB Howard Johnson
|
0-0: Ball 1-0: Ball 2-0: Ball 3-0: Called Strike 3-1: Called Strike 3-2: Foul Ball, location: 2F 3-2: Foul Ball, location: 2F 3-2: Foul Ball, location: 2F 3-2: Fly out, F6 (Popup, 6D, EV 68.1 MPH)
|
| Top of the 7th over - 0 runs, 0 hits, 1 error, 1 left on base; Richmond 3 - Columbus 0 |
| BOTTOM OF THE 7TH |
|
Columbus Clippers batting - Pitching for Richmond Braves : RHP Jay Smith
|
|
Batting: RHB Rod Allen
|
0-0: Ball 1-0: Foul Ball, location: 2F 1-1: Ball 2-1: SINGLE (Groundball, 56D, EV 108.1 MPH)
|
|
Batting: LHB Jordan Medrano
|
0-0: Ball 1-0: Called Strike 1-1: Foul Ball, location: 2F 1-2: Ball 2-2: Ball 3-2: Ground out 3-1 (Groundball, 34S, EV 93.1 MPH) Rod Allen to second
|
|
Batting: RHB Tracy Anderson
|
0-0: Ball Rod Allen steals 3rd base (no throw) 1-0: Ground out 6-3 (Groundball, 6, EV 81.9 MPH) Rod Allen scores
|
|
Batting: LHB Gene Gentile
|
0-0: Called Strike 0-1: Ground out 4-3 (Groundball, 4D, EV 107.5 MPH)
|
| Bottom of the 7th over - 1 run, 1 hit, 0 errors, 0 left on base; Richmond 3 - Columbus 1 |
| TOP OF THE 8TH |
|
Richmond Braves batting - Pitching for Columbus Clippers : RHP Silvio Martinez
|
|
Batting: LHB Chris Evans
|
0-0: Ball 1-0: Foul Ball, location: 2F 1-1: Ball 2-1: Ball 3-1: Swinging Strike 3-2: Base on Balls
|
|
Batting: RHB John Freitas
|
0-0: Ball 1-0: Called Strike 1-1: Ball 2-1: Reached on error, E5 (Groundball, 56S, EV 64.4 MPH) Chris Evans to second
|
|
Batting: LHB Max Venable
|
0-0: Ball 1-0: Fly out, F8 (Line Drive, 8RM, EV 91.9 MPH)
|
|
Batting: SHB Donnie Scott
|
0-0: Swinging Strike 0-1: Ball 1-1: Ball 2-1: Ball 3-1: Called Strike 3-2: Strikes out swinging
|
|
Batting: SHB Julio Cruz
|
0-0: Ball 1-0: Ball 2-0: Foul Ball, location: 2F 2-1: Ball 3-1: Base on Balls Chris Evans to third John Freitas to second
|
|
Batting: RHB Mark Naehring
|
0-0: Ball 1-0: Called Strike 1-1: Ball 2-1: Ground out 3-1 (Groundball, 34, EV 103.8 MPH)
|
| Top of the 8th over - 0 runs, 0 hits, 1 error, 3 left on base; Richmond 3 - Columbus 1 |
| BOTTOM OF THE 8TH |
|
Columbus Clippers batting - Pitching for Richmond Braves : RHP Jay Smith
|
|
Batting: RHB Larry Bowie
|
0-0: Ball 1-0: Swinging Strike 1-1: SINGLE (Groundball, 6M, EV 87.5 MPH) (infield hit)
|
|
Batting: RHB Luis Aguayo
|
0-0: Foul Ball, location: 2F 0-1: Grounds into double play, 3-6-3 (Groundball, 3, EV 83.8 MPH)
|
|
Batting: RHB Alex Rodriguez
|
0-0: Swinging Strike 0-1: Swinging Strike 0-2: Ball 1-2: Ball 2-2: Foul Ball, location: 2F 2-2: Ground out 6-3 (Groundball, 6M, EV 88.1 MPH)
|
| Bottom of the 8th over - 0 runs, 1 hit, 0 errors, 0 left on base; Richmond 3 - Columbus 1 |
| TOP OF THE 9TH |
|
Richmond Braves batting - Pitching for Columbus Clippers : RHP Silvio Martinez
|
|
Batting: RHB Dave Stegman
|
0-0: Ball 1-0: Ball 2-0: Ball 3-0: Called Strike 3-1: Called Strike 3-2: Ground out 6-3 (Groundball, 6, EV 83.8 MPH)
|
|
Batting: RHB Mike Fuentes
|
0-0: Ball 1-0: Called Strike 1-1: Swinging Strike 1-2: Strikes out swinging
|
|
Batting: SHB Howard Johnson
|
0-0: Foul Ball, location: 2F 0-1: Ball 1-1: Ball 2-1: Ball 3-1: Fly out, F9 (Flyball, 9D, EV 101.3 MPH)
|
| Top of the 9th over - 0 runs, 0 hits, 0 errors, 0 left on base; Richmond 3 - Columbus 1 |
| BOTTOM OF THE 9TH |
|
Columbus Clippers batting - Pitching for Richmond Braves : RHP Jay Smith
|
|
Pitching: RHP Mike Allen
|
|
|
Batting: LHB Elijah Bonaparte
|
0-0: Fly out, F2 (Popup, 5SF, EV 85.0 MPH)
|
|
Batting: RHB Donell Nixon
|
0-0: Foul Ball, location: 2F 0-1: Fly out, F9 (Line Drive, 9, EV 99.4 MPH)
|
|
Batting: RHB Rod Allen
|
0-0: Called Strike 0-1: SOLO HOME RUN (Flyball, 7D, EV 93.1 MPH), Distance : 367 ft
|
|
Batting: LHB Jordan Medrano
|
0-0: Ball 1-0: Swinging Strike 1-1: Swinging Strike 1-2: Ground out 4-3 (Groundball, 4, EV 78.1 MPH)
|
| Bottom of the 9th over - 1 run, 1 hit, 0 errors, 0 left on base; Richmond 3 - Columbus 2 |
|